 Dungeon Crawl Stone Soup version 0.31-a0-986-g5e6e4ef867 (webtiles) character file.

Game seed: 16248807761790187237

50 sammy202020 the Ruffian (level 3, 27/27 HPs)
             Began as a Demonspawn Shapeshifter on Nov 23, 2023.
             Quit the game on level 2 of the Dungeon.
             The game lasted 00:03:22 (1436 turns).

sammy202020 the Ruffian (Demonspawn Shapeshifter)   Turns: 1436, Time: 00:03:23

Health: 27/27      AC:  8    Str: 16    XL:     3   Next: 55%
Magic:  3/3        EV:  7    Int: 11    God:
Gold:   103        SH:  0    Dex: 12    Spells: 2/2 levels left

rFire   . .          .
                       - Unarmed
rCold   . . .        (no shield)
rNeg    . . .        p - +0 chain mail
rPois   .            (helmet currently unavailable)
rElec   .            (cloak currently unavailable)
rCorr   .            (gloves currently unavailable)
SInv    .            (boots currently unavailable)
Will    .....        (no amulet) Stlth
                     (no ring)
HPRegen 0.24/turn    (no ring)
MPRegen 0.08/turn

%: no passive effects
@: beast-form
A: beast (slay +1), hooves 1
a: Begin Untransformation


You were on level 2 of the Dungeon.
You were a hulking beast.
You visited 1 branch of the dungeon, and saw 2 of its levels.

You collected 103 gold pieces.

Inventory:

Missiles
 j - 9 poisoned darts
Armour
 a - a +0 animal skin
 p - a +0 chain mail (worn)
Talismans
 c - a beast talisman
 d - a flux talisman
 h - a dragon-blood talisman
Scrolls
 f - a scroll of noise {unknown}
 i - 3 scrolls of identify {unknown}
 l - 2 scrolls of blinking {unknown}
 n - a scroll of fog {unknown}
 o - a scroll of vulnerability {unknown}
Potions
 b - a potion of lignification
 e - 2 potions of mutation {unknown}
 g - 2 potions of might {unknown}
 k - a potion of cancellation {unknown}
 m - 2 potions of curing {unknown}


   Skills:
 * Level 1.9 Fighting
 + Level 0.6 Armour
 + Level 2.0 Dodging
 * Level 3.2 Unarmed Combat
 * Level 3.0 Shapeshifting


You had 2 spell levels left.
You didn't know any spells.
Your spell library contained the following spells:

 Spells                   Type           Power      Damage    Failure   Level
 Hailstorm                Conj/Ice       0%         3d3       100%        3
 Ozocubu's Armour         Ice            0%         N/A       100%        3
 Summon Ice Beast         Ice/Summ       0%         N/A       100%        4
 Simulacrum               Ice/Necr       0%         N/A       100%        6
 Ozocubu's Refrigeration  Ice            0%         4d7       100%        7


Dungeon Overview and Level Annotations

Branches:
Dungeon (2/15)

Altars:

Shops:
D:1 !


Innate Abilities, Weirdness & Mutations

You are a hulking beast.
Your limbs bulge with bestial killing power. (Slay +1)
You have large cloven feet.


Message History

o - a scroll labelled XEFOFF ZUMO An endoplasm comes into view.
Found a stone staircase leading down.
The endoplasm quivers.
An endoplasm is nearby!
A bat comes into view.
The endoplasm closely misses you.
You hit the endoplasm.
The endoplasm is severely wounded.
The endoplasm freezes you.
You are frozen.
You hit the endoplasm.
You kill the endoplasm!
The bat hits you.
You hit the bat.
You kill the bat!
No target in view!
No target in view!
No target in view!
No target in view!
No target in view!
No target in view!
No target in view!
There is a stone staircase leading down here.
Found a leather armour.
Found a blade talisman.
No target in view!
No target in view!
No target in view!
No target in view!
No target in view!
No target in view!
No target in view!
No target in view!
No target in view!
No target in view!
No target in view!
No target in view!
Found a stone staircase leading up.
Are you sure you want to abandon this character and quit the game? (Confirm with "yes".)

#.#####..#
#.#....>.#
.#.####.# .
.#.# #.# ..
.#.# #.#
...#####.#.#
#.#
#........#.#
#.#
#.....##.#
#.#
+....h...#
#.#
#.....####
#.# #.....<
#...%..#
...[....#
.######..#
#..# #..#


There were no monsters in sight!

Vanquished Creatures
  5 ball pythons
  5 endoplasms
  2 giant cockroaches (D:2)
  5 goblins
  7 hobgoblins
  4 jackals
  2 quokkas
  5 bats
  2 frilled lizards (D:1)
  4 kobolds (D:1)
  2 rats (D:2)
43 creatures vanquished.

Notes
Turn   | Place    | Note
-------+----------+-------------------------------------------
     0 | D:1      | sammy202020 the Demonspawn Shapeshifter began the quest for
                  | the Orb.
     0 | D:1      | Reached XP level 1. HP: 15/15 MP: 1/1
   204 | D:1      | Found a faded altar of an unknown god.
   304 | D:1      | Gained mutation: You have large cloven feet. [demonic
                  | ancestry]
   304 | D:1      | Reached XP level 2. HP: 20/21 MP: 2/2
   694 | D:1      | Found Xuoni's Distillery.
  1189 | D:2      | Reached XP level 3. HP: 27/27 MP: 3/3
  1436 | D:2      | Quit the game

Illustrated notes

Levels and vault maps discovered:
D:1:      spicycebolla_arrival_xxxplode, layout_basic, serial_shops, shop,
          shapermc_ecumenical_altar_petra, minmay_heptomino_d4
D:2:      minmay_diamond_boxcup, layout_basic

Skill      XL: |  1  2  3 |
---------------+----------+-----
Unarmed Combat | 3 |  3.2
Dodging        | 2 |  2.0
Shapeshifting  | 3 |  3.0
Fighting       | |  1.9
Armour         | |  0.6

Action                     || total
---------------------------++-------
  Melee: Unarmed           ||    94
         Kick              ||    18
         Punch             ||     1
   Stab: Sleeping          ||     3
 Armour: Animal skin       ||    20
         Chain mail        ||    18
  Dodge: Dodged            ||    45

Table legend: (Time is in decaauts)
 A = Elapsed time spent in this place.
 B = Non-inter-level travel time spent in this place.
 C = Inter-level travel time spent in this place.
 D = Time resting spent in this place.
 E = Time spent auto-exploring this place.
 F = Levels seen in this place.
 G = Mean time per level.
                   A        B        C        D        E       F      G
               +--------+--------+--------+--------+--------+-----+--------+
         Total |   1430 |   1430 |      0 |      0 |   1108 |   2 |  715.0 |
       Dungeon |   1430 |   1430 |      0 |      0 |   1108 |   2 |  715.0 |
               +--------+--------+--------+--------+--------+-----+--------+

Top non-repeatable levels by time:
     D:1: 987 daAuts
     D:2: 443 daAuts
